 Dungeon Crawl Stone Soup version 0.28-a0-631-g0446da8ef9 (webtiles) character file.

Game seed: 13036973549160714128

189 Rennog the Grave Robber (level 5, -3/37 HPs)
             Began as a Gnoll Necromancer on Oct 9, 2021.
             Was an Initiate of Gozag.
             Slain by an ogre (23 damage)
             ... on level 5 of the Dungeon on Oct 10, 2021.
             The game lasted 00:05:14 (3552 turns).

Rennog the Grave Robber (Gnoll Necromancer)         Turns: 3552, Time: 00:05:14

Health: -3/37      AC:  3    Str:  9    XL:     5   Next: 68%
Magic:  5/12       EV: 13    Int: 14    God:    Gozag
Gold:   221        SH:  0    Dex: 12    Spells: 6/14 levels left

rFire   . . .      SeeInvis .   j - +4 short sword (venom)
rCold   . . .      Faith    .   (no shield)
rNeg    . . .      Spirit   .   a - +0 robe
rPois   .          Reflect  .   n - +0 helmet
rElec   .          Harm     .   (no cloak)
rCorr   +          Rampage  .   (no gloves)
Will    .....                   (no boots)
Stlth   +++.......              (no amulet)
HPRegen 0.12/turn               m - ring of resist corrosion
MPRegen 0.13/turn               (no ring)

@: no status effects
A: fangs 1, strong nose, distributed training
a: Renounce Religion, Potion Petition, Call Merchant, Bribe Branch


You were on level 5 of the Dungeon.
You worshipped Gozag.
Gozag was aware of your devotion.
You visited 1 branch of the dungeon, and saw 4 of its levels.

You collected 221 gold pieces.

Inventory:

Hand Weapons
 f - a +0 short sword
 j - a +4 short sword of venom (weapon)
Armour
 a - a +0 robe (worn)
 n - a +0 helmet (worn)
Jewellery
 m - a ring of resist corrosion (left hand)
Scrolls
 c - a scroll of blinking {unknown}
 e - a scroll of silence {unknown}
 g - a scroll of brand weapon {unknown}
 h - a scroll of fear {unknown}
 i - a scroll of magic mapping {unknown}
 l - a scroll of teleportation {unknown}
 p - a scroll of vulnerability {unknown}
Potions
 b - a potion of curing {unknown}
 d - 2 potions of heal wounds {unknown}
 k - a potion of attraction {unknown}
 o - a potion of degeneration {unknown}


   Skills:
 + Level 1.6 Fighting
 + Level 1.6 Short Blades
 + Level 1.6 Long Blades
 + Level 1.6 Axes
 + Level 1.6 Maces & Flails
 + Level 1.6 Polearms
 + Level 1.6 Staves
 + Level 1.6 Slings
 + Level 1.6 Bows
 + Level 1.6 Crossbows
 + Level 1.6 Throwing
 + Level 1.6 Armour
 + Level 4.8 Dodging
 + Level 4.4 Stealth
 + Level 1.6 Shields
 + Level 1.6 Unarmed Combat
 + Level 5.2 Spellcasting
 + Level 1.2 Conjurations
 + Level 1.2 Hexes
 + Level 1.2 Summonings
 + Level 7.2 Necromancy
 + Level 1.2 Translocations
 + Level 1.2 Transmutations
 + Level 1.2 Fire Magic
 + Level 1.2 Ice Magic
 + Level 1.2 Air Magic
 + Level 1.2 Earth Magic
 + Level 1.2 Poison Magic
 + Level 1.8 Invocations
 + Level 1.6 Evocations


You had 6 spell levels left.
You knew the following spells:

 Your Spells              Type           Power      Damage    Failure   Level
a - Pain                  Necr           92%        1d8       1%          1
b - Vampiric Draining     Necr           11%        2d7       2%          3
c - Animate Dead          Necr           11%        N/A       9%          4

Your spell library contained the following spells:

 Spells                   Type           Power      Damage    Failure   Level
 Animate Skeleton         Necr           46%        N/A       1%          1
 Agony                    Necr           23%        N/A       24%         5


Dungeon Overview and Level Annotations

Branches:
Dungeon (3/15)

Altars:
Gozag
Qazlal

Annotations:
D:5 1 runed translucent door, AttackTheMoon's ghost, weakling VSDe


Innate Abilities, Weirdness & Mutations

You have very sharp teeth.
Your uncanny sense of smell can sniff out nearby items.
Your experience applies equally to all skills.


Message History

The sky beast writhes in agony.
The sky beast writhes in agony!
The sky beast hits you. The sky beast shocks you.
The sky beast writhes in agony.
The sky beast hits you but does no damage.
The sky beast writhes in agony.
You kill the sky beast!
You have reached level 5!
Magic restored.
HP restored.
You now have 221 gold pieces (gained 20).
Found a runed translucent door.
Found a runed war axe.
The adder hisses angrily.
You hear a croak.
Found 25 stones.
Press: ? - help, v - describe, . - travel, g - get item Item here: a runed war axe.
A collapsed entrance.
Found a stone staircase leading down.
You see here 25 stones.
p - a scroll labelled LUPTAWN ROHUCE
Things that are here:
a +0 leather armour; 29 stones
Found a stone staircase leading down.
An ogre comes into view. It is wielding a +0 giant spiked club.
The ogre shouts!
An ogre is nearby!
The ogre barely resists.
The ogre writhes in agony!
The ogre barely resists.
The ogre barely resists.
The ogre writhes in agony.
The ogre writhes in agony!
The ogre closely misses you.
The ogre writhes in agony.
The ogre hits you with a +0 giant spiked club!
The ogre writhes in agony.
The ogre hits you with a +0 giant spiked club!!
Ouch! That really hurt!
You die...
Your body crumbles into a pile of gold.

..#.....####
#.........#
#.........# .
#......>..# #.
##...# #.# #....# .
# .#≈ #....# ..# #
# #≈####...O##..###
. #.
.≈..#...@......#
###
#.######....#####.#
..####............#
#...####..#######.#
###.......# .#
##...####.# .#
...#.####.#######.#
..##..............#
.########.######.


You could see an ogre.

Vanquished Creatures
  A sky beast (D:5)
  Terence (D:2)
  A worm (D:2)
  6 dart slugs
  4 orcs (D:3)
  8 ball pythons
  3 endoplasms
  2 giant cockroaches (D:1)
  7 goblins
  5 hobgoblins
  3 kobolds (D:1)
  6 bats
  3 frilled lizards
  5 rats
55 creatures vanquished.

Vanquished Creatures (others)
  8 fungi (D:5)
8 creatures vanquished.

Grand Total: 63 creatures vanquished

Notes
Turn   | Place    | Note
-------+----------+-------------------------------------------
     0 | D:1      | Rennog the Gnoll Necromancer began the quest for the Orb.
     0 | D:1      | Reached XP level 1. HP: 13/13 MP: 6/6
   179 | D:1      | Found a faded altar of an unknown god.
   267 | D:1      | Reached XP level 2. HP: 14/20 MP: 2/7
   904 | D:1      | Reached XP level 3. HP: 23/25 MP: 7/9
   936 | D:1      | Reached skill level 5 in Spellcasting
  1362 | D:1      | Reached skill level 1 in Invocations
  1647 | D:1      | Became a worshipper of Gozag Ym Sagoz the Greedy
  1777 | D:2      | Reached skill level 1 in Fighting
  1777 | D:2      | Reached skill level 1 in Short Blades
  1777 | D:2      | Reached skill level 1 in Long Blades
  1777 | D:2      | Reached skill level 1 in Axes
  1777 | D:2      | Reached skill level 1 in Maces & Flails
  1777 | D:2      | Reached skill level 1 in Polearms
  1777 | D:2      | Reached skill level 1 in Staves
  1777 | D:2      | Reached skill level 1 in Slings
  1777 | D:2      | Reached skill level 1 in Bows
  1777 | D:2      | Reached skill level 1 in Crossbows
  1777 | D:2      | Reached skill level 1 in Throwing
  1777 | D:2      | Reached skill level 1 in Armour
  1777 | D:2      | Reached skill level 1 in Shields
  1777 | D:2      | Reached skill level 1 in Unarmed Combat
  1777 | D:2      | Reached skill level 1 in Evocations
  1860 | D:2      | Noticed Terence
  2427 | D:2      | Killed Terence
  2428 | D:2      | Reached XP level 4. HP: 27/32 MP: 4/11
  2519 | D:2      | Learned a level 3 spell: Vampiric Draining
  2524 | D:2      | Learned a level 4 spell: Animate Dead
  2633 | D:2      | Found a stormy altar of Qazlal.
  2831 | D:3      | Found a stormy altar of Qazlal.
  2890 | D:3      | Reached skill level 1 in Conjurations
  2890 | D:3      | Reached skill level 1 in Hexes
  2890 | D:3      | Reached skill level 1 in Summonings
  2890 | D:3      | Reached skill level 1 in Translocations
  2890 | D:3      | Reached skill level 1 in Transmutations
  2890 | D:3      | Reached skill level 1 in Fire Magic
  2890 | D:3      | Reached skill level 1 in Ice Magic
  2890 | D:3      | Reached skill level 1 in Air Magic
  2890 | D:3      | Reached skill level 1 in Earth Magic
  2890 | D:3      | Reached skill level 1 in Poison Magic
  3269 | D:3      | You fall into a shaft and drop 2 floors!
  3269 | D:5      | Entered Level 5 of the Dungeon
  3269 | D:5      | Noticed a sky beast
  3287 | D:5      | Killed a sky beast
  3288 | D:5      | Reached XP level 5. HP: 22/37 MP: 4/12
  3413 | D:5      | Found a runed translucent door.
  3414 | D:5      | Noticed AttackTheMoon's ghost (weakling VSDe)
  3540 | D:5      | Noticed an ogre
  3552 | D:5      | Slain by an ogre

Illustrated notes

Levels and vault maps discovered:
D:1:      mrwooster_arrival_arrow, layout_loops_ring,
          hellmonk_ecumenical_altar_crossroads, serial_rivers,
          chequers_serial_rivers_marsh, chequers_serial_rivers_small_b,
          chequers_serial_rivers_room_b, chequers_serial_rivers_micro_c
D:2:      layout_basic, basic_altar, kennysheep_flooded_box, grunt_ministairs_6,
          moated_statue, st_stairs_7, uniq_terence
D:3:      layout_basic, mainiacjoe_overflow_brackets, serial_co_window_serial,
          co_window_paths_a, co_window_corner_a, co_window_corner_a,
          co_window_corner_a, co_window_corner_a, co_window_of_opportunity_a,
          co_window_paths_a, co_window_corner_ca, co_window_of_opportunity_b,
          co_window_of_opportunity_c, co_window_cross_2, co_window_4corner_b,
          glass_columns_b, glass_columns_c, glass_columns_a, glass_columns_b,
          chequers_arboretum, uniq_natasha
D:5:      layout_rooms, minmay_temple_entry_overgrown, ebering_ghost_sewer_f,
          serial_aquarium, aquarium_bridge_long_joined
          [aquarium_subvault_bridge, aquarium_subvault_wall,
          aquarium_subvault_wall, aquarium_subvault_wall,
          aquarium_subvault_bridge, aquarium_subvault_bridge],
          aquarium_bridge_straight [aquarium_subvault_bridge,
          aquarium_subvault_wall, aquarium_subvault_bridge,
          aquarium_subvault_window], aquarium_window_corner, aquarium_window_1,
          aquarium_window_2, aquarium_view_2b, aquarium_pool_2,
          chequers_decorated_corner, interstate_on_off, uniq_sigmund

Skill      XL: |  1  2  3  4 |
---------------+-------------+-----
Spellcasting   | 5 |  5.2
Invocations    | 1 |  1.8
Fighting       | 1 |  1.6
Short Blades   | 1 |  1.6
Long Blades    | 1 |  1.6
Axes           | 1 |  1.6
Maces & Flails | 1 |  1.6
Polearms       | 1 |  1.6
Staves         | 1 |  1.6
Slings         | 1 |  1.6
Bows           | 1 |  1.6
Crossbows      | 1 |  1.6
Throwing       | 1 |  1.6
Armour         | 1 |  1.6
Shields        | 1 |  1.6
Unarmed Combat | 1 |  1.6
Evocations     | 1 |  1.6
Conjurations   | 1 |  1.2
Hexes          | 1 |  1.2
Summonings     | 1 |  1.2
Translocations | 1 |  1.2
Transmutations | 1 |  1.2
Fire Magic     | 1 |  1.2
Ice Magic      | 1 |  1.2
Air Magic      | 1 |  1.2
Earth Magic    | 1 |  1.2
Poison Magic   | 1 |  1.2
Dodging        | |  4.8
Stealth        | |  4.4
Necromancy     | |  7.2

Action                   |  1- 3 |  4- 6 || total
-------------------------+-------+-------++-------
 Cast: Pain              |    78 |    39 ||   117
Armor: Robe              |       |     1 ||     1
Dodge: Dodged            |    16 |     1 ||    17

Table legend: (Time is in decaauts)
 A = Elapsed time spent in this place.
 B = Non-inter-level travel time spent in this place.
 C = Inter-level travel time spent in this place.
 D = Time resting spent in this place.
 E = Time spent auto-exploring this place.
 F = Levels seen in this place.
 G = Mean time per level.
                   A        B        C        D        E       F      G
               +--------+--------+--------+--------+--------+-----+--------+
         Total |   3558 |   3413 |    145 |    238 |   2797 |   4 |  889.5 |
       Dungeon |   3558 |   3413 |    145 |    238 |   2797 |   4 |  889.5 |
               +--------+--------+--------+--------+--------+-----+--------+

Top non-repeatable levels by time:
     D:1: 1918 daAuts
     D:2: 893 daAuts
     D:3: 464 daAuts
     D:5: 282 daAuts
